Map: New Repugnancy LE

Players

puCK (Nina)

  • Race: Protoss Protoss
  • League: Grandmaster
  • Spawn Location: 7:00

Neuro - Winner!

  • Race: Zerg Zerg
  • League: Grandmaster
  • Spawn Location: 1:00

VOD

https://www.twitch.tv/videos/389048640

Description

Time

  • Played on: March 2, 2019, 3:04 a.m.
  • Length: 23:57
Show
View Real Time Build Order
Export as new Build Order

puCK Protoss 

Build Orders: Nexus First 

Get SALT Encoding   

  12  0:01  Probe  
  13  0:13  Probe  
  14  0:25  Probe  
  15  0:37  Pylon  
  15  0:55  Probe  
  16  0:58  Nexus  
  16  1:07  Probe  
  17  1:14  Gateway  
  17  1:15  Probe  
  17  1:23  Probe  
  17  1:24  Assimilator  
  18  1:31  Assimilator  
  19  1:35  Probe  
  20  1:44  Gateway  
  20  1:48  Probe  
  21  2:03  Probe  
  21  2:04  Cybernetics Core  
  22  2:10  Probe  
  22  2:11  Probe  
  24  2:18  Probe  
  24  2:21  Probe  
  25  2:24  Pylon  
  25  2:27  Probe  
  26  2:31  Probe  
  28  2:40  Probe  
  28  2:43  Sentry  
  33  2:44  Probe  
  33  2:45  Adept  
  34  2:54  Stargate  
  34  2:56  Probe  
  35  2:59  Warp Gate  
  36  3:08  Gateway  
  36  3:13  Gateway  
  33  3:21  Sentry  
  33  3:25  Sentry  
  31  3:27  Pylon x2  
  35  3:35  Probe  
  35  3:36  Probe  
  37  3:44  Shield Battery  
  37  3:47  Sentry  
  37  3:50  Shield Battery  
  39  3:57  Pylon  
  39  3:59  Probe  
  40  4:04  Pylon  
  40  4:10  Gateway  
  40  4:13  Sentry  
  40  4:14  Probe  
  30  4:19  Pylon  
  30  4:26  Probe  
  31  4:40  Gateway  
  31  4:49  Pylon  
  31  4:53  Sentry  
  31  4:59  Pylon  
  33  5:01  Pylon  
  33  5:07  Probe, Shield Battery  
  35  5:17  Gateway  
  35  5:19  Probe  
  35  5:21  Probe  
  36  5:32  Probe  
  36  5:33  Probe  
  38  5:37  Gateway  
  38  5:43  Probe  
  38  5:44  Probe  
  38  5:48  Sentry  
  41  5:51  Probe  
  41  5:55  Gateway  
  42  5:58  Probe  
  42  6:01  Probe  
  42  6:03  Gateway  
  44  6:11  Probe  
  44  6:13  Probe  
  46  6:22  Gateway  
  46  6:23  Probe  
  46  6:25  Probe  
  48  6:26  Pylon  
  48  6:31  Adept  
  50  6:35  Pylon, Probe  
  50  6:37  Probe  
  52  6:45  Pylon  
  52  6:48  Probe  
  52  6:49  Probe  
  54  6:58  Probe  
  54  6:59  Probe  
  55  7:02  Sentry  
  55  7:04  Robotics Facility  
  55  7:06  Probe  
  55  7:07  Probe  
  58  7:09  Gateway  
  58  7:11  Gateway  
  58  7:14  Probe  
  60  7:16  Probe  
  60  7:17  Sentry  
  60  7:19  Pylon  
  60  7:22  Adept  
  66  7:26  Probe  
  66  7:28  Probe  
  68  7:30  Assimilator  
  68  7:33  Assimilator  
  68  7:37  Pylon  
  68  7:38  Pylon, Probe  
  68  7:41  Stalker  
  68  7:44  Stalker, Warp Prism  
  75  7:59  Stalker x2  
  75  8:04  Stalker  
  81  8:18  Stalker x3  
  83  8:24  Stalker x2  
  87  8:29  Zealot  
  89  8:43  Probe  
  78  8:53  Robotics Bay  
  78  8:59  Immortal  
  78  9:01  Probe  
  78  9:02  Stalker x3  
  83  9:08  Twilight Council  
  87  9:11  Zealot x2  
  87  9:12  Pylon  
  91  9:26  Zealot x4  
  99  9:32  Colossus  
  99  9:33  Zealot  
  99  9:47  Stalker  
  99  9:48  Stalker x2  
  99  9:50  Zealot  
  99  9:58  Sentry  
  65  10:17  Zealot  
  65  10:18  Zealot x2  
  65  10:20  Zealot  
  69  10:29  Zealot  
  69  10:31  Immortal  
  68  10:39  Sentry  
  68  10:40  Sentry  
  74  10:47  Zealot  
  76  10:51  Zealot  
  65  11:04  Zealot x2  
  67  11:14  Zealot  
  62  11:21  Immortal  
  51  11:40  Probe  
  51  11:43  Zealot x2  
  55  11:58  Sentry  
  49  12:23  Nexus  
  49  12:25  Sentry x2  
  53  12:32  Phoenix  
  53  12:36  Observer  
  53  12:38  Pylon  
  53  12:40  Probe  
  55  12:57  Shield Battery  
  55  12:58  Probe  
  56  13:02  Observer  
  56  13:10  Sentry  
  57  13:13  Shield Battery  
  57  13:17  Probe  
  58  13:30  Probe  
  58  13:33  Disruptor  
  59  13:36  Observer  
  59  13:37  Sentry x2  
  63  13:42  Observer  
  66  13:54  Observer, Probe x2  
  68  13:55  Zealot  
  70  14:05  Pylon, Observer  
  70  14:06  Probe  
  70  14:07  Probe  
  72  14:24  Stalker x2  
  72  14:25  Probe  
  72  14:31  Probe  
  77  14:39  Zealot  
  75  14:56  Zealot x2  
  75  14:59  Zealot  
  64  15:14  Probe  
  56  15:16  Immortal  
  49  15:35  Probe  
  44  15:41  Sentry x3  
  45  15:50  Probe  
  45  15:52  Probe  
  47  16:02  Probe  
  48  16:05  Sentry  
  48  16:10  Sentry  
  52  16:12  Observer  
  52  16:13  Sentry  
  54  16:20  Probe  
  54  16:23  Probe  
  56  16:28  Sentry  
  56  16:31  Shield Battery  
  59  16:40  Probe  
  59  16:42  Disruptor  
  59  16:43  Zealot  
  60  17:08  Zealot  
  60  17:09  Zealot  
  60  17:11  Probe  
  60  17:15  Probe  
  66  17:26  Observer  
  66  17:59  Disruptor  
  66  18:02  Stalker  
  66  18:03  Stalker  
  73  18:15  Sentry  
  71  18:30  Sentry x2  
  65  18:46  Sentry  
  55  18:54  Sentry x2  
  59  19:16  Stalker  
  61  19:27  Stalker  
  61  19:47  Stalker  
  52  19:54  Probe  
  34  20:12  Zealot  
  34  20:30  Sentry  
  36  20:44  Sentry  
  35  21:11  Sentry  
  37  21:22  Zealot x2  
  38  21:43  Sentry  
  40  22:01  Stalker  
  42  22:06  Stalker  
  34  22:20  Stalker x2  
  34  22:21  Stalker x2  
Show
View Real Time Build Order
Export as new Build Order

Neuro Zerg - Winner!

Build Orders: Hatch First, Zergling Baneling 

Get SALT Encoding   

  12  0:01  Drone  
  13  0:13  Overlord  
  13  0:17  Drone  
  14  0:31  Drone x2  
  16  0:38  Drone  
  17  0:55  Hatchery, Drone  
  17  0:58  Drone  
  18  1:11  Extractor  
  17  1:15  Spawning Pool  
  16  1:19  Drone  
  16  1:21  Drone  
  18  1:28  Drone  
  19  1:40  Drone  
  20  1:53  Drone  
  21  2:04  Overlord  
  21  2:06  Queen  
  21  2:07  Queen  
  21  2:08  Zergling x2  
  26  2:14  Zergling x2, Metabolic Boost  
  27  2:24  Zergling x4  
  29  2:32  Zergling x2  
  30  2:37  Zergling x2  
  31  2:48  Overlord  
  31  2:52  Baneling Nest  
  31  2:54  Drone x2  
  32  3:02  Zergling x4  
  34  3:07  Zergling x2  
  34  3:11  Zergling x2  
  35  3:21  Zergling x10  
  35  3:22  Zergling x4  
  41  3:27  Zergling x2  
  41  3:38  Drone x2  
  43  3:44  Overlord  
  43  3:45  Baneling  
  43  3:46  Baneling x2  
  43  3:59  Hatchery  
  41  4:08  Zergling x14  
  44  4:21  Zergling x10  
  44  4:24  Baneling  
  47  4:25  Baneling  
  47  4:31  Baneling x5  
  45  4:34  Baneling  
  45  4:36  Drone  
  43  4:58  Zergling x8  
  43  4:59  Zergling x4  
  45  5:05  Zergling x2  
  45  5:06  Baneling  
  45  5:07  Drone x3, Baneling x2  
  42  5:09  Drone x2  
  42  5:12  Baneling  
  47  5:17  Drone x2  
  48  5:31  Zergling x10  
  48  5:34  Queen  
  52  5:46  Zergling x12  
  52  5:47  Baneling x2  
  57  5:53  Baneling x3  
  57  5:54  Zergling x2  
  58  6:01  Zergling x4  
  58  6:07  Overlord  
  58  6:08  Overlord x2  
  54  6:26  Drone x5  
  54  6:27  Drone x5  
  59  6:45  Zergling x18  
  63  6:51  Baneling x2  
  63  6:53  Drone x2  
  62  6:55  Extractor, Drone, Roach Warren  
  62  6:58  Extractor  
  58  7:07  Overlord x3  
  58  7:09  Drone x2  
  58  7:12  Drone x2  
  62  7:30  Drone x6  
  62  7:31  Overlord  
  62  7:32  Overlord x2  
  68  7:39  Roach x3  
  76  7:44  Roach x2  
  76  7:50  Roach  
  76  7:51  Roach x2  
  83  7:56  Roach x3  
  86  8:08  Zergling x14  
  86  8:11  Ravager  
  86  8:12  Ravager x2  
  92  8:17  Zergling x8  
  92  8:19  Ravager  
  95  8:21  Zergling x6  
  98  8:31  Zergling x12  
  99  8:46  Zergling x14  
  104  8:54  Roach x2  
  107  8:57  Drone x4  
  110  9:03  Roach x3  
  110  9:06  Ravager x3  
  110  9:08  Zergling x6  
  122  9:26  Roach x4  
  122  9:29  Zergling x12  
  108  9:41  Roach  
  108  9:42  Roach x5  
  107  9:48  Roach x2  
  92  10:07  Roach x2  
  92  10:08  Roach x4  
  102  10:16  Zergling x10  
  103  10:29  Ravager  
  103  10:32  Zergling x12  
  102  10:41  Zergling x6  
  105  10:44  Zergling x2  
  105  10:45  Ravager x2  
  105  10:47  Drone  
  108  10:56  Roach x4  
  106  11:04  Roach x2  
  98  11:13  Roach x2  
  98  11:16  Zergling x8  
  99  11:22  Roach, Zergling x2  
  99  11:23  Queen  
  96  11:31  Roach x2  
  92  11:35  Drone x4  
  86  11:47  Roach x3  
  80  11:57  Roach x3  
  83  12:02  Zergling x6  
  80  12:08  Zergling x6  
  80  12:09  Zergling x6  
  80  12:12  Drone  
  74  12:20  Lair  
  74  12:21  Zergling x4  
  72  12:25  Zergling x2  
  72  12:29  Extractor  
  72  12:30  Ravager  
  73  12:37  Roach x2  
  73  12:39  Drone x4  
  73  12:42  Drone x6  
  87  12:48  Roach x2  
  91  12:59  Zergling x8  
  95  13:06  Drone x4  
  95  13:08  Extractor  
  95  13:09  Extractor  
  95  13:11  Ravager  
  95  13:12  Zergling x12  
  104  13:22  Roach x3  
  104  13:23  Glial Reconstitution  
  110  13:35  Roach x2  
  110  13:38  Overlord x5  
  113  13:57  Roach x8  
  113  13:58  Pneumatized Carapace  
  129  14:06  Roach x2  
  129  14:08  Extractor  
  132  14:24  Roach x8  
  129  14:48  Roach  
  129  14:49  Roach x9  
  135  14:58  Roach x3  
  120  15:07  Roach x4  
  114  15:17  Roach  
  114  15:18  Roach x3  
  114  15:22  Roach x2  
  110  15:34  Roach x4  
  101  15:48  Roach x5  
  100  15:58  Spire  
  99  16:04  Ravager  
  99  16:05  Ravager x3  
  103  16:12  Hatchery  
  97  16:20  Ravager  
  97  16:25  Zergling x14  
  105  16:43  Roach x6  
  108  16:48  Ravager x2  
  108  16:49  Zergling x6  
  113  17:07  Roach x6  
  119  17:15  Mutalisk  
  119  17:16  Mutalisk x2  
  119  17:36  Mutalisk x5  
  129  17:49  Mutalisk x3  
  135  18:00  Mutalisk  
  135  18:01  Mutalisk  
  139  18:05  Zergling x8  
  139  18:06  Zergling x2  
  144  18:17  Ravager x2  
  140  18:23  Mutalisk x2  
  118  18:33  Mutalisk  
  104  18:39  Mutalisk  
  88  18:44  Zergling x30  
  82  18:57  Zerg Flyer Weapons Level 1  
  82  19:00  Mutalisk x2  
  86  19:04  Zergling x10  
  91  19:17  Mutalisk x2  
  95  19:26  Roach x4  
  103  19:37  Extractor  
  94  19:39  Mutalisk x2  
  94  19:44  Zergling x16  
  96  19:49  Mutalisk  
  82  19:58  Roach x3  
  75  20:05  Roach x3  
  76  20:16  Roach x3  
  81  20:28  Drone, Mutalisk  
  80  20:40  Mutalisk  
  80  20:42  Zergling x16  
  90  20:57  Drone x8  
  86  21:02  Mutalisk  
  89  21:08  Mutalisk  
  89  21:23  Drone x4  
  92  21:39  Mutalisk  
  92  21:40  Mutalisk x2  
  98  21:49  Extractor  
  98  21:52  Mutalisk  
  97  22:12  Mutalisk x2  
  84  23:30  Hatchery  
  83  23:34  Ravager  
  83  23:35  Ravager x5  
Tags
 
Add a new tag
Caveats
  • Supply blocks, unpowered buildings, or Contaminate may cause inaccurate times.
  • Supply counts are checked every 10 seconds.